 Dungeon Crawl Stone Soup version 0.18-a0-1405-g73f4075 (webtiles) character file.

98 Tomstefer the Insei (level 4, -3/35 HPs)
             Began as a Draconian Transmuter on Feb 24, 2016.
             Slain by Menkaure (9 damage)
             ... on level 4 of the Dungeon.
             The game lasted 00:05:10 (2494 turns).

Tomstefer the Insei (Draconian Transmuter)          Turns: 2494, Time: 00:05:10

Health: -3/35      AC:  9    Str: 12    XL:     4   Next: 43%
Magic:  16/16      EV: 12    Int: 13    God:
Gold:   136        SH:  0    Dex: 13    Spells: 1 memorised, 6 levels left

rFire  . . .     SeeInvis .       - Unarmed
rCold  . . .     Gourm    .     (armour unavailable)
rNeg   . . .     Faith    .     (no shield)
rPois  .         Spirit   .     (helmet restricted)
rElec  .         Dismiss  .     (no cloak)
rCorr  .         Reflect  .     g - +2 pair of gloves
SustAt .         Harm     .     s - +0 pair of boots
MR     .....                    (no amulet)
Stlth  +.........               (no ring)
                                u - ring of magical power

@: appendage (expiring), not resistant to hostile enchantments, very unstealthy
A: unfitting armour, horns 2, cold-blooded, AC +5
a: End Transformation


You were on level 4 of the Dungeon.
You were hungry.
You had grown temporary horns.
You visited 1 branch of the dungeon, and saw 4 of its levels.

You collected 136 gold pieces.

Inventory:

Missiles
 a - 69 arrows
 m - 14 arrows of flame
Armour
 g - a +2 pair of gloves (worn)
 s - a +0 pair of boots (worn)
Jewellery
 u - a ring of magical power (left hand)
Wands
 t - a wand of random effects (33/48)
Scrolls
 d - 2 scrolls of recharging {unknown}
 e - a scroll of fog {unknown}
 f - a scroll of enchant armour {unknown}
 h - a scroll of fear {unknown}
 i - a scroll of magic mapping {unknown}
 n - 2 scrolls of identify {unknown}
 r - 2 scrolls of random uselessness {unknown}
 w - a scroll of remove curse {unknown}
 x - a scroll of teleportation {unknown}
Potions
 j - 2 potions of curing {unknown}
 k - a potion of cure mutation {unknown}
 l - a potion of degeneration {unknown}
 q - a potion of mutation {unknown}
 v - a potion of magic {unknown}
Books
 b - a book of Changes

   Spells                             Type                      Level
   a - Beastly Appendage              Transmutation                1
   b - Sticks to Snakes               Transmutation                2
   c - Spider Form                    Transmutation/Poison         3
   d - Ice Form                       Ice/Transmutation            4
   e - Blade Hands                    Transmutation                5
Comestibles
 c - 3 bread rations
 o - 3 meat rations
 p - a slice of pizza
 z - 5 fruits


   Skills:
 - Level 1.1 Fighting
 - Level 1.7 Dodging
 + Level 4.3 Unarmed Combat
 - Level 2.0 Spellcasting
 + Level 3.5 Transmutations


You had 6 spell levels left.
You knew the following spells:

 Your Spells              Type           Power        Failure   Level  Hunger
a - Beastly Appendage     Trmt           ##....       8%          1    ##.....


Dungeon Overview and Level Annotations

Branches:
Dungeon (4/15)
 Temple: D:4-7

Altars:
Elyvilon
Kikubaaqudgha
Vehumet

Shops:
D:4 (

Annotations:
D:4 Blork the orc, Menkaure


Innate Abilities, Weirdness & Mutations

Your plain brown scales are hard (AC +5).
Your body does not fit into most forms of armour.
You are cold-blooded and may be slowed by cold attacks.
You have a pair of horns on your head.


Message History

Menkaure is severely damaged.
Menkaure closely misses you. Blork the orc barely misses you.
You hit Menkaure. You tail-slap Menkaure.
Menkaure is almost destroyed.
Menkaure calls on the powers of darkness!
Your body is wracked with pain!
Blork the orc convulses!
Blork the orc hits you but does no damage.
You closely miss Menkaure.
Menkaure is almost destroyed.
Menkaure hits you.
You hit Menkaure but do no damage.
You tail-slap Menkaure, but do no damage.
Menkaure is almost destroyed.
Menkaure closely misses you. Blork the orc hits you with a glaive!
* * * LOW HITPOINT WARNING * * *
You hit Menkaure.
Menkaure is almost destroyed.
Your transformation is almost over.
Menkaure hits you!
You die...

#...# .#
#####...########.####
.....................
.....................
.....................
####...#####.##.##.
#...# #.# ##.# #...#
#.##....# #...#
#.@M....# ######### #
#.[.#
#o##.##.###...#...#
#.# #...### #.. ..
#$.(....... #.#
##.....##.##
####.........# ..##
#........#
..........o.# ...#
#........# #........#
##.###........# #...#
....#.#.#.#.#.# #.)<#
.#.#.#.#.#.#.#.
#.......#


You could see Blork the orc and Menkaure.

Vanquished Creatures
  4 adders
  An ooze (D:1)
  A worm (D:4)
  2 dart slugs
  2 giant geckos
  An orc (D:3)
  7 bats
  A giant cockroach (D:1)
  4 goblins
  6 hobgoblins
  3 jackals (D:1)
  9 kobolds
  A quokka (D:2)
  A ball python (D:1)
  A giant newt (D:1)
  2 rats
46 creatures vanquished.

Vanquished Creatures (others)
  A quokka (D:4)
1 creature vanquished.

Grand Total: 47 creatures vanquished

Notes
Turn   | Place    | Note
--------------------------------------------------------------
     0 | D:1      | Tomstefer the Draconian Transmuter began the quest for the Orb.
     0 | D:1      | Reached XP level 1. HP: 16/16 MP: 3/3
   352 | D:1      | Reached XP level 2. HP: 18/23 MP: 3/5
   899 | D:2      | Reached XP level 3. HP: 28/28 MP: 4/6
  1114 | D:2      | Found a white marble altar of Elyvilon.
  1427 | D:2      | Found an ancient bone altar of Kikubaaqudgha.
  1427 | D:2      | Found a radiant altar of Vehumet.
  1675 | D:3      | Reached skill level 4 in Unarmed Combat
  1947 | D:3      | Reached XP level 4. HP: 35/35 MP: 7/7
  2314 | D:3      | Noticed an ogre
  2387 | D:4      | Noticed Blork the orc
  2423 | D:4      | Found Peunwev's Weapon Shop.
  2485 | D:4      | Noticed Menkaure
  2494 | D:4      | Slain by Menkaure

Vault maps used:
D:1:      wheals_arrival_shading
D:2:      elyvilon_altar_4, gammafunk_temple_overflow_elements,
          grunt_decor_arrowhead
D:3:      first_bread
D:4:      tgw_trog, temple_hall, serial_shops, nicolae_shop_trees, minivault_23,
          uniq_sigmund, uniq_menkaure, uniq_blork_the_orc

Skill      XL: |  1  2  3 |
---------------+----------+-----
Transmutations | 3 |  3.5
Unarmed Combat | 4 |  4.3
Fighting       | |  1.1
Dodging        | |  1.7
Spellcasting   | |  2.0

Action                   |  1- 3 |  4- 6 || total
-------------------------+-------+-------++-------
Melee: Unarmed           |   123 |    41 ||   164
 Cast: Beastly Appendage |    23 |     5 ||    28
 Stab: Sleeping          |     1 |       ||     1
  Eat: Chunk             |     4 |     1 ||     5
